Map: Blackpink LE

Players

Zanster - Winner!

  • Race: Zerg Zerg
  • Spawn Location: 7:00

HateMe

  • Race: Zerg Zerg
  • Spawn Location: 1:00

Event: WCS Leipzig 2018

VOD

Have the link to the VOD?

Description

Time

  • Played on: Jan. 26, 2018, 7:11 a.m.
  • Length: 10:14

All games in this series

Show
View Real Time Build Order
Export as new Build Order

Zanster Zerg - Winner!

Build Orders: Hatch First, Zergling Baneling 

Get SALT Encoding   

  12  0:00  Drone  
  13  0:12  Overlord  
  13  0:16  Drone  
  14  0:31  Drone x2  
  14  0:34  Drone  
  17  0:53  Drone, Hatchery  
  17  0:56  Drone  
  18  1:01  Extractor  
  17  1:12  Spawning Pool  
  17  1:15  Drone  
  17  1:18  Drone  
  18  1:30  Drone  
  19  1:45  Drone  
  20  1:50  Overlord  
  20  1:59  Queen  
  22  2:04  Queen  
  22  2:05  Zergling x2, Metabolic Boost  
  22  2:07  Zergling x2  
  26  2:12  Zergling x2  
  27  2:17  Drone  
  28  2:23  Baneling Nest  
  28  2:25  Drone  
  28  2:27  Drone  
  29  2:33  Drone  
  30  2:37  Drone  
  31  2:47  Hatchery  
  31  2:48  Drone  
  31  2:55  Zergling x2  
  31  2:57  Overlord  
  32  3:02  Zergling x2  
  32  3:04  Zergling x2  
  34  3:09  Zergling x4  
  36  3:15  Drone x4  
  36  3:18  Drone  
  41  3:20  Drone  
  41  3:24  Drone  
  42  3:28  Baneling  
  42  3:29  Baneling  
  42  3:33  Baneling  
  42  3:40  Queen  
  43  3:43  Zergling x2  
  43  3:46  Zergling x2  
  44  3:50  Overlord  
  44  3:52  Baneling  
  43  3:57  Zergling x2  
  42  4:03  Zergling x10  
  42  4:09  Zergling x2  
  44  4:12  Queen  
  44  4:13  Zergling x2  
  44  4:14  Zergling x2  
  44  4:16  Queen  
  47  4:18  Zergling x4  
  47  4:23  Baneling x2  
  46  4:24  Zergling x2  
  46  4:27  Zergling x2  
  46  4:28  Zergling x2  
  42  4:38  Zergling x6  
  44  4:40  Baneling x2  
  43  4:49  Zergling x6  
  45  4:58  Zergling x10  
  50  5:05  Zergling x2  
  51  5:07  Baneling x2  
  51  5:12  Drone x2  
  53  5:14  Overlord  
  53  5:20  Drone x2  
  55  5:26  Drone  
  56  5:32  Overlord  
  55  5:40  Zergling x18  
  50  5:52  Zergling x8  
  39  6:04  Baneling  
  39  6:05  Baneling  
  39  6:07  Zergling x12  
  42  6:13  Baneling  
  42  6:14  Baneling  
  42  6:17  Queen  
  44  6:24  Zergling x6  
  47  6:32  Drone x4  
  51  6:35  Drone  
  51  6:50  Baneling x2  
  51  6:51  Baneling  
  51  6:53  Overlord  
  51  6:55  Zergling x2  
  51  6:56  Zergling x10  
  52  7:01  Queen  
  52  7:06  Queen  
  56  7:14  Baneling  
  56  7:15  Zergling x8  
  60  7:22  Overlord  
  58  7:31  Zergling x12  
  60  7:37  Drone x2  
  60  7:40  Overlord  
  60  7:47  Drone  
  60  7:48  Drone  
  62  7:51  Roach Warren  
  62  7:52  Drone  
  62  7:58  Zergling x4  
  64  8:01  Baneling x2  
  64  8:05  Drone  
  64  8:06  Drone x3  
  64  8:08  Drone  
  64  8:11  Overlord  
  65  8:48  Overlord  
  65  8:52  Extractor  
  65  8:53  Extractor  
  65  8:54  Roach, Evolution Chamber  
  65  8:55  Roach x10  
  78  9:04  Roach  
  78  9:05  Overlord  
  78  9:08  Drone x7  
  85  9:10  Drone  
  85  9:18  Drone  
  85  9:22  Drone  
  85  9:23  Drone x5  
  91  9:25  Drone  
  90  9:37  Extractor  
  90  9:38  Drone x2, Extractor  
  90  9:39  Drone x2  
  90  9:42  Drone  
  93  9:49  Roach  
  93  9:50  Roach x3  
Show
View Real Time Build Order
Export as new Build Order

HateMe Zerg 

Build Orders: Hatch First 

Get SALT Encoding   

  12  0:02  Drone  
  13  0:13  Overlord  
  13  0:17  Drone  
  14  0:31  Drone x2  
  16  0:37  Drone  
  17  0:52  Hatchery  
  17  0:55  Drone  
  17  0:58  Drone  
  17  1:03  Extractor  
  17  1:13  Spawning Pool  
  17  1:16  Drone  
  17  1:20  Drone  
  18  1:29  Drone  
  19  1:40  Overlord  
  19  2:00  Zergling x2  
  19  2:01  Zergling x2, Queen  
  21  2:03  Metabolic Boost  
  21  2:06  Zergling x2, Queen  
  26  2:17  Zergling x4  
  28  2:23  Zergling x2  
  28  2:28  Zergling x2  
  30  2:34  Zergling x2  
  31  2:41  Zergling x2  
  32  2:47  Zergling x2  
  32  2:51  Overlord  
  33  2:57  Zergling x2  
  34  3:04  Zergling x2  
  34  3:13  Zergling x10  
  34  3:15  Overlord  
  34  3:16  Zergling x4  
  41  3:26  Zergling x4  
  43  3:31  Zergling x2  
  44  3:35  Zergling x2  
  42  3:43  Zergling x2  
  42  3:47  Zergling x4  
  42  3:48  Zergling x8  
  45  3:55  Zergling x2  
  44  4:06  Zergling x4  
  44  4:09  Zergling x2  
  40  4:13  Hatchery  
  40  4:17  Zergling x8  
  40  4:19  Zergling x2  
  42  4:26  Zergling x2  
  42  4:27  Zergling x2  
  38  4:32  Zergling x4  
  38  4:37  Zergling x2  
  38  4:43  Zergling x4  
  38  4:56  Zergling x2  
  38  4:57  Zergling x8  
  37  5:04  Baneling Nest  
  36  5:10  Zergling x4  
  38  5:14  Zergling x4  
  40  5:25  Zergling x6  
  42  5:38  Zergling x8  
  42  5:41  Zergling x2  
  42  5:47  Zergling x4  
  41  5:55  Zergling x2  
  38  6:00  Zergling x4  
  31  6:08  Baneling x2  
  29  6:13  Drone x3  
  29  6:16  Drone  
  33  6:21  Baneling x2  
  33  6:26  Zergling x4  
  35  6:34  Zergling x2  
  35  6:36  Zergling x2  
  36  6:41  Zergling x2  
  33  6:48  Zergling x2  
  33  6:51  Drone  
  30  7:01  Queen x2  
  30  7:03  Drone  
  35  7:10  Baneling x2  
  35  7:16  Drone x2  
  35  7:19  Drone  
  35  7:20  Drone  
  38  7:24  Drone  
  38  7:30  Zergling x2  
  33  7:45  Baneling  
  33  7:46  Baneling x2  
  33  7:55  Drone x2  
  33  7:57  Drone  
  36  8:00  Drone, Hatchery  
  36  8:03  Drone  
  37  8:06  Drone  
  37  8:08  Drone  
  37  8:12  Drone  
  40  8:13  Drone  
  40  8:17  Drone  
  43  8:20  Drone  
  43  8:23  Zergling x4  
  43  8:26  Baneling  
  44  8:30  Zergling x4  
  46  8:37  Zergling x2  
  43  8:46  Baneling x2  
  43  8:48  Zergling x2  
  43  8:49  Zergling x12  
  50  9:00  Roach Warren  
  48  9:03  Hatchery  
  48  9:06  Drone  
  48  9:07  Drone x3  
  50  9:10  Drone  
  49  9:17  Drone  
  50  9:24  Evolution Chamber  
  50  9:26  Zergling x2  
  49  9:34  Extractor, Overlord  
  48  9:39  Extractor  
  48  9:41  Roach x2  
  51  9:48  Overlord  
  51  9:53  Roach  
  51  9:54  Roach x3  
Tags
 
Add a new tag
Caveats
  • Supply blocks, unpowered buildings, or Contaminate may cause inaccurate times.
  • Supply counts are checked every 10 seconds.